 Dungeon Crawl Stone Soup version 0.18.1-48-g4cf74bf (webtiles) character file.

812690 Ladykiller69 the Executioner (level 27, -6/155 HPs)
             Began as a Formicid Fighter on Aug 17, 2016.
             Was a High Priest of Cheibriados.
             Mangled by a large abomination (42 damage)
             ... summoned by Mnoleg
             ... in Pandemonium on Aug 18, 2016.
             The game lasted 07:54:06 (58916 turns).

Ladykiller69 the Executioner (Formicid Fighter)    Turns: 58916, Time: 07:54:07

Health: -6/155     AC: 30    Str: 41 (42) XL:     27
Magic:  37/37      EV: 28    Int:  5 (25) God:    Cheibriados [*****.]
Gold:   4718       SH: 27    Dex: 23 (24) Spells: 15 memorised, 10 levels left

rFire  + + +     SeeInvis +     J - +6 executioner's axe (chop)
rCold  + + +     Gourm    +     X - +8 gold dragon armour
rNeg   + . .     Faith    .     M - +0 large shield {rC+}
rPois  +         Spirit   .     (helmet unavailable)
rElec  .         Dismiss  .     (no cloak)
rCorr  .         Reflect  .     u - +2 pair of gloves "Qenagg" {*Drain +Inv rPois rF+}
SustAt .         Harm     .     q - +0 pair of boots of the Lily {rC+ SInv}
MR     ++...                    P - amulet "Lygik" {Gourm rC++ MP+9}
Stlth  ..........               W - ring of wizardry
                                c - ring "Dudigac" {rF+ rN+}

@: brilliant, agile, slowed, lost intelligence, very slow, very resistant to
hostile enchantments, extremely unstealthy
A: permanent stasis, dig shafts and tunnels, four strong arms, antennae 3,
camouflage 1, clumsy 1, deformed body, deterioration 2, frail 3, low mp 3, sense
surroundings 1, screaming 2, weak 1, no device heal 1, subdued magic 2,
MP-powered wands, sturdy frame 1
a: Dig, Shaft Self, Bend Time, Temporal Distortion, Slouch, Step From Time,
Renounce Religion, Evoke Invisibility
}: 6/15 runes: decaying, slimy, silver, abyssal, demonic, gossamer


You were in Pandemonium.
You worshipped Cheibriados.
Cheibriados was extremely pleased with you.
You were not hungry.

You visited 13 branches of the dungeon, and saw 59 of its levels.
You visited Pandemonium 2 times, and saw 11 of its levels.
You visited the Abyss 2 times.
You visited 1 bazaar.
You also visited: Labyrinth, Ossuary and Ice Cave.

You collected 7286 gold pieces.
You spent 2568 gold pieces at shops.

Inventory:

Hand Weapons
 J - a +6 executioner's axe of chopping (weapon)
Missiles
 b - 56 tomahawks
 i - 8 poisoned tomahawks
 m - 5 poisoned javelins
 n - 27 javelins (quivered)
 v - 4 throwing nets
 x - 5 silver tomahawks
 I - 2 exploding tomahawks
 Z - 7 javelins of returning
Armour
 l - the +0 cloak of the First Cities {Regen+ Slay+2}
   (You bought it in a shop on level 5 of the Vaults)

   It affects your accuracy and damage with ranged weapons and melee attacks
   (+2).
   It increases your rate of regeneration.
 q - the +0 pair of boots of the Lily (worn) {rC+ SInv}
   (You acquired it on level 1 of the Lair of Beasts)

   It protects you from cold.
   It lets you see invisible.
 u - the +2 pair of gloves "Qenagg" (worn) {*Drain +Inv rPois rF+}
   (You found it on level 2 of the Vaults)

   It protects you from fire.
   It protects you from poison.
   It lets you turn invisible.
   It causes draining when unequipped.
 M - a +0 large shield of cold resistance (worn)
 X - a +8 gold dragon armour (worn)
Jewellery
 c - the ring "Dudigac" (left hand) {rF+ rN+}
   (You found it on level 3 of the Crypt)

   [ring of positive energy]

   It protects you from fire.
   It protects you from negative energy.
 k - an uncursed ring of protection from fire
 o - an uncursed ring of protection from magic
 E - an uncursed ring of protection from cold
 L - a +6 amulet of reflection
 O - the amulet of the Zebra {Harm *Drain rElec Str+2}
   (You found it in an ice cave)

   [amulet of harm]

   It increases damage dealt and taken.
   It affects your strength (+2).
   It insulates you from electricity.
 P - the amulet "Lygik" (around neck) {Gourm rC++ MP+9}
   (You found it on level 5 of the Vaults)

   [amulet of the gourmand]

   It allows you to eat raw meat even when not hungry.
   It greatly protects you from cold.
   It affects your magic capacity (+9).
 T - the ring "Hodunynk" {+Fly Str+9}
   (You found it on level 3 of the Elven Halls)

   [ring of flight]

   It affects your strength (+9).
   It lets you fly.
 W - a ring of wizardry (right hand)
 Y - the ring "Goewor Hasi" {rC+ rN+ Int+5}
   (You found it on level 3 of the Crypt)

   [ring of positive energy]

   It affects your intelligence (+5).
   It protects you from cold.
   It protects you from negative energy.
Wands
 s - a wand of heal wounds (7/9)
 Q - a wand of lightning (5/15)
Scrolls
 a - 10 scrolls of amnesia
 e - 28 scrolls of remove curse
 t - 11 scrolls of fog
 w - 2 scrolls of acquirement
 z - a scroll of holy word
 A - 2 scrolls of brand weapon
 F - 6 scrolls of magic mapping
 G - 11 scrolls of noise
 R - 24 scrolls of identify
 S - 5 scrolls of fear
 U - 6 scrolls of recharging
Potions
 d - 7 potions of might
 h - 22 potions of curing
 j - 5 potions of magic
 p - 4 potions of brilliance
 B - 6 potions of agility
 C - 2 potions of invisibility
 D - 3 potions of heal wounds
 H - 5 potions of cancellation
 K - a potion of resistance
 N - 4 potions of ambrosia
Books
 y - a book of the Dragon

   Spells                             Type                      Level
   a - Flame Tongue                   Conjuration/Fire             1
   b - Cause Fear                     Hexes                        4
   c - Bolt of Fire                   Conjuration/Fire             6
   d - Dragon Form                    Transmutation                7
   e - Dragon's Call                  Summoning                    9
Miscellaneous
 g - a phantom mirror
 V - a phial of floods
Comestibles
 f - 30 bread rations
 r - 25 meat rations


   Skills:
 - Level 19.4 Fighting
 - Level 25.3 Axes
 - Level 14.4 Throwing
 - Level 20.0 Armour
 - Level 16.6 Dodging
 - Level 20.3 Shields
 - Level 13.0 Spellcasting
 - Level 8.0 Hexes
 - Level 6.0 Charms
 + Level 10.4 Summonings
 - Level 9.5 Necromancy
 - Level 8.0 Translocations
 + Level 12.1 Transmutations
 - Level 8.2 Air Magic
 * Level 17.5 Earth Magic
 - Level 8.0 Poison Magic
 - Level 13.0 Invocations


You had 10 spell levels left.
You knew the following spells:

 Your Spells              Type           Power        Failure   Level  Hunger
a - Shroud of Golubria    Chrm/Tloc      #.........   1%          2    ##.....
b - Repel Missiles        Chrm/Air       #.....       1%          2    ##.....
c - Cure Poison           Pois           #.........   1%          2    ##.....
d - Portal Projectile     Tloc           #.....       1%          3    ###....
e - Infusion              Chrm           #...         1%          1    None
f - Statue Form           Trmt/Erth      ##.......    1%          6    #######
g - Deflect Missiles      Chrm/Air       #.........   69%         6    #######
h - Spectral Weapon       Hex/Chrm       #.......     1%          3    ###....
i - Regeneration          Chrm/Necr      #.........   1%          3    ###....
j - Corona                Hex            #......      1%          1    None
k - Cause Fear            Hex            #.........   2%          4    ####...
l - Apportation           Tloc           #.........   1%          1    None
m - Summon Butterflies    Summ           ##......     1%          1    None
n - Lee's Rapid Deconstr  Erth           ##........   1%          5    ######.
o - Passwall              Trmt/Erth      ##........   1%          2    ##.....


Dungeon Overview and Level Annotations

Branches:
Dungeon (15/15)            Temple (1/1) D:6            Lair (8/8) D:11
  Swamp (4/4) Lair:6       Spider (4/4) Lair:6        Slime (6/6) Lair:7
    Orc (2/2) D:11            Elf (3/3) Orc:2        Vaults (5/5) D:13
  Crypt (3/3) Vaults:3       Tomb (2/3) Crypt:3      Depths (5/5) D:15
   Hell (1/1)                 Dis (0/7) Hell            Geh (0/7) Hell
    Coc (0/7) Hell            Tar (0/7) Hell            Zot (0/5) Depths:5

Altars:
Ashenzari
Cheibriados
Dithmenos
Elyvilon
Gozag
Kikubaaqudgha
Nemelex Xobeh
Okawaru
Pakellas
Ru
Xom
Yredelemnul
Zin
The Shining One
Beogh
Jiyva

Shops:
D:10 }?   D:13 !   Orc:2 ==([   Elf:1 [   Elf:2 (:   Vaults:1 [   Vaults:2 *
Vaults:3 [   Vaults:4 :   Vaults:5 *

Portals:
Hell: Depths:1 Depths:2 Depths:3 Depths:4 Depths:5
Abyss: Depths:1 Depths:4 Depths:5
Pandemonium: Depths:3 Depths:5
Ziggurat: Depths:5

Annotations:
Elf:3 MARA!, Mara
Depths:1 exclusion: orange crystal statue
Depths:3 exclusion: 2 obsidian statues
Pan Mnoleg


Innate Abilities, Weirdness & Mutations

You are under a permanent stasis effect.
You can dig through walls and to a lower floor.
Your four strong arms can wield two-handed weapons with a shield.
You have a pair of large antennae on your head (SInv).
Your skin changes colour to match your surroundings (Stealth).
You are clumsy. (Dex -2)
Armour fits poorly on your strangely shaped body.
Your body often deteriorates upon taking damage.
You are extremely frail (-30% HP).
Your magical capacity is extremely low (-30% MP).
You passively map a small area around you.
You sometimes yell uncontrollably at your foes.
You are weak. (Str -2)
Potions and wands are less effective at restoring your health.
Your spells are easier to cast, but less powerful.
You expend magic power (3 MP) to strengthen your wands.
Your movements are slightly less encumbered by armour (ER -2).


Message History

Mnoleg is lightly wounded.
You closely miss the large abomination.
You open the sixfirhy like a pillowcase!!!
The sixfirhy is almost dead.
You hit the large abomination but do no damage.
The large abomination is moderately damaged.
You hit the large abomination but do no damage.
The large abomination is severely damaged.
You closely miss the large abomination.
The large abomination is lightly damaged.
You hit the large abomination.
The large abomination is moderately damaged.
You block the sixfirhy's attack. The sixfirhy completely misses you.
Mnoleg closely misses you. Mnoleg tentacle-slaps you!
* * * LOW HITPOINT WARNING * * *
You block Mnoleg's attack. Mnoleg kicks you but does no damage.
The large abomination barely misses you.
You block the large abomination's attack. x2
The large abomination hits you!!!
You die...

#############
............## ###
.............## #.## ,
..............#####.## * ,
\......X.............##
.*...GXXX###.#........## *
.....X&@X.........#..... *
**#.....X4...........#....
* #.......................
........................
####.................... *
##...#.......'.......
##..................
##................. ,
.}....3......


You could see Mnoleg, a tentacled monstrosity, 6 large abominations, an eye of
draining and a sixfirhy.

Vanquished Creatures
  the Royal Jelly (Slime:6)
  Mennas (Vaults:4)
  The ghost of Elystan the Slayer, a legendary FoFi of Zin (Pan)
  2 ancient liches
  2 juggernauts
  Sojobo (Vaults:2)
  A greater mummy (Tomb:1)
  Margery (Depths:4)
  Geryon (Hell)
  Norris (Depths:1)
  A caustic shrike (Depths:3)
  A golden dragon (shapeshifter) (Depths:3)
  4 bone dragons
  7 golden dragons
  A profane servitor (Abyss:5)
  Nikola (Swamp:3)
  4 Tzitzimimeh (Pan)
  7 pandemonium lords (Pan)
  4 Brimstone Fiends (Pan)
  12 liches
  A hellephant (Abyss:5)
  Jorgrun (Vaults:4)
  2 Hell Sentinels (Pan)
  8 tentacled monstrosities
  5 Ice Fiends (Pan)
  Asterion (Depths:1)
  A quicksilver dragon (Depths:4)
  2 deep elf blademasters (Elf:3)
  12 ancient champions
  A deep elf master archer (Elf:3)
  7 titans
  A quicksilver dragon (shapeshifter) (Elf:2)
  32 acid blobs
  An acid blob (shapeshifter) (Vaults:5)
  10 Executioners
  10 sphinxes
  8 tentacled starspawn
  5 shadow dragons
  Gastronok (Lair:2)
  The ghost of Thomus the Severer, an adept HOFi of Okawaru (D:15)
  11 tengu reavers
  A storm dragon (shapeshifter) (Depths:3)
  A thorn hunter (Swamp:4)
  An azure jelly (shapeshifter) (Depths:3)
  6 storm dragons
  6 revenants
  11 azure jellies
  Maud (D:10)
  4 corrupters (Pan)
  8 fire giants
  9 frost giants
  4 ghost moths
  11 vault wardens
  A fire giant (shapeshifter) (Depths:3)
  16 cacodemons
  7 ghouls
  4 iron dragons
  6 warmongers (Pan)
  A draconian shifter (Depths:5)
  A curse skull (Crypt:3)
  10 balrugs
  10 deep elf sorcerers
  2 emperor scorpions (Spider:4)
  2 orc warlords (Orc:2)
  Aizul (Vaults:1)
  5 deep elf elementalists
  2 angels (Pan)
  9 ironheart preservers
  23 stone giants
  5 war gargoyles
  21 very ugly things
  A draconian caller (Depths:5)
  12 reapers
  5 blood saints (Pan)
  2 salamander stormcallers
  7 deep elf demonologists
  9 vampire knights
  7 deep elf annihilators
  4 chaos champions (Pan)
  13 lorocyprocas
  8 spark wasps
  5 black suns (Pan)
  A red draconian (Depths:5)
  A dire elephant (shapeshifter) (Vaults:5)
  2 bennus (Tomb:1)
  2 mottled draconians (Depths:5)
  3 eidola
  A white draconian (Depths:5)
  12 ettins
  10 blizzard demons
  13 deep elf death magi
  A merfolk impaler (Abyss:5)
  8 death oozes
  A minotaur (Lab)
  8 mummy priests
  16 jiangshi
  30 vault guards
  14 crystal guardians (Depths:3)
  8 fire dragons
  12 yaktaur captains
  5 green deaths (Pan)
  A quicksilver dragon zombie (Crypt:2)
  Josephine (Orc:2)
  A quicksilver dragon skeleton (Crypt:3)
  2 deep elf high priests
  20 great orbs of eyes
  9 monstrous demonspawn (Pan)
  5 rakshasas
  25 hydras
  2 ghost crabs
  5 entropy weavers
  5 hell beasts (Pan)
  11 ogre magi
  4 spriggan air magi
  3 catoblepae (Lair:8)
  6 ice dragons
  10 centaur warriors
  4 death knights
  2 alligators
  17 death yaks
  10 deep troll shamans
  A hell hog (Abyss:5)
  44 dancing weapons
  3 orc high priests (Orc:2)
  9 vampire magi
  7 deep troll earth magi
  22 thrashing horrors
  3 tengu warriors
  3 iron golems
  25 hell knights
  20 deep elf knights
  6 spriggan berserkers
  23 soul eaters
  5 spriggans
  3 shadow wraiths
  7 spatial maelstroms
  40 sun demons
  11 wretched stars
  Sonja (D:10)
  The ghost of TBriggs11TB the Nimble, a novice MiBe of Trog (D:8)
  12 death scarabs (Tomb:1)
  8 iron trolls
  3 fire crabs
  31 skeletal warriors
  21 deep trolls
  6 gelid demonspawn (Pan)
  The ghost of Ladykiller69 the Cleaver, a novice FoFi of Cheibriados (D:15)
  6 infernal demonspawn (Pan)
  6 putrid demonspawn (Pan)
  2 shadow demons (Pan)
  A spriggan druid (Swamp:3)
  8 giant orange brains
  12 swamp dragons
  2 flayed ghosts
  A death drake (shapeshifter) (Depths:3)
  An anaconda zombie (Hell)
  7 torturous demonspawn (Pan)
  7 unseen horrors
  Pikel (D:8)
  A hill giant (shapeshifter) (Depths:3)
  4 shambling mangroves
  3 anubis guards (Tomb:1)
  6 hill giants
  8 orc knights
  3 obsidian statues
  19 ironbrand convokers
  11 deep elf archers
  16 phantasmal warriors
  56 ugly things
  A tengu zombie (Hell)
  12 necromancers
  20 orb spiders
  6 shining eyes
  2 cyclopes (shapeshifter)
  2 wizards
  A mana viper (Abyss:5)
  2 frost giant zombies
  A wolf spider (shapeshifter) (Depths:3)
  27 wolf spiders
  7 orc sorcerers
  16 hornets
  2 fire giant zombies (Hell)
  A salamander (shapeshifter) (Vaults:1)
  2 worldbinders (Abyss:5)
  2 shadow dragon skeletons (Crypt:1)
  4 griffons
  77 deep elf magi
  A moth of wrath (Spider:3)
  2 manticores
  2 cyclopes
  A hell hog skeleton (Crypt:1)
  24 sixfirhies
  2 frost giant skeletons
  2 fire giant skeletons (Crypt:2)
  2 stone giant zombies
  11 rust devils
  An apocalypse crab (Abyss:5)
  8 elephants
  An eye of devastation (shapeshifter) (D:13)
  The ghost of ceb the Skirmisher, a novice MiBe of Trog (D:6)
  2 ice statues (IceCv)
  A torpor snail (shapeshifter) (Depths:3)
  32 smoke demons
  2 black mambas (shapeshifter)
  2 drowned souls (Abyss:5)
  A torpor snail (Spider:1)
  5 black mambas
  8 vault sentinels
  An elf zombie (Hell)
  Joseph (D:8)
  5 molten gargoyles (Depths:3)
  A dire elephant zombie (Crypt:3)
  23 orange demons
  9 centaur skeletons
  10 gargoyles
  24 spiny frogs
  A storm dragon simulacrum (Abyss:5)
  4 eyes of devastation
  A rime drake (Lair:3)
  11 demonic crawlers
  A dire elephant skeleton (Hell)
  A kobold demonologist (D:14)
  2 hellions (Pan)
  11 freezing wraiths
  5 tormentors
  A komodo dragon (shapeshifter) (Vaults:1)
  39 yaktaurs
  A death yak zombie (Crypt:2)
  A pale draconian skeleton (Crypt:2)
  A green draconian skeleton (Crypt:1)
  2 efreet
  17 guardian mummies
  16 red devils
  A minotaur zombie (Lab)
  22 ice devils
  34 jumping spiders
  A yellow draconian skeleton (Crypt:2)
  A tengu conjurer (Depths:1)
  A harpy zombie (Crypt:1)
  10 hellwings
  6 trolls
  8 komodo dragons
  5 giant leeches
  6 ancient zymes
  2 trolls (shapeshifter)
  A tengu simulacrum (Vaults:3)
  18 two-headed ogres
  2 wind drakes (shapeshifter)
  A hornet zombie (D:13)
  2 ice dragon zombies
  5 hydra skeletons (Hell)
  A slime creature (shapeshifter) (Vaults:2)
  161 slime creatures
  14 blink frogs
  A raiju (shapeshifter) (Vaults:1)
  6 bog bodies
  A giant leech (shapeshifter) (Depths:3)
  21 raiju
  4 boulder beetles
  12 ushabtiu
  A frost giant simulacrum (Crypt:2)
  An alligator skeleton (Hell)
  A fire dragon zombie (Crypt:3)
  37 flying skulls
  4 centaur simulacra
  88 redbacks
  3 spriggans (shapeshifter)
  33 ynoxinuls
  10 air elementals
  72 large abominations
  A shadow (Swamp:4)
  15 wraiths
  11 water elementals
  A tarantella (shapeshifter) (Depths:3)
  22 tarantellas
  A vampire (D:9)
  A hog (shapeshifter) (Vaults:1)
  An ettin skeleton (Crypt:1)
  A hill giant zombie (Crypt:2)
  A fire bat (shapeshifter) (Depths:3)
  12 fire elementals
  A human (D:9)
  A yak (shapeshifter) (Vaults:2)
  A steam dragon (D:10)
  62 yaks
  Grum (D:9)
  A golden eye (shapeshifter) (Depths:3)
  A wyvern (Lair:4)
  A human (shapeshifter) (Vaults:5)
  38 chaos spawn
  30 neqoxecs
  3 basilisks
  11 hippogriffs
  7 hungry ghosts
  9 golden eyes
  A basilisk (shapeshifter) (Elf:1)
  28 vampire mosquitoes
  A naga (shapeshifter) (Depths:2)
  A merfolk zombie (Crypt:3)
  A mottled dragon (D:14)
  A human zombie (Hell)
  7 insubstantial wisps
  16 swamp worms
  6 wargs
  4 spatial vortices
  2 swamp worms (shapeshifter)
  A hell hound (shapeshifter) (Elf:1)
  Duvessa (D:6)
  19 water moccasins
  A putrid demonspawn zombie (Crypt:1)
  A merfolk skeleton (Crypt:3)
  A hydra simulacrum (Hell)
  A spiny frog skeleton (Crypt:2)
  13 porcupines
  2 giant eyeballs
  A spiny frog zombie (Hell)
  A water nymph skeleton (Crypt:3)
  49 orc warriors
  3 slaves (D:8)
  A swamp drake (shapeshifter) (Depths:5)
  An eye of draining (shapeshifter) (Depths:3)
  5 ice beasts (D:12)
  3 sky beasts
  3 necrophages
  An ettin simulacrum (Crypt:2)
  22 starcursed masses
  9 eyes of draining
  A phantom (D:8)
  12 swamp drakes
  3 black bears
  16 wolves
  39 ogres
  9 boggarts
  A lindwurm zombie (Crypt:2)
  A swamp dragon skeleton (Hell)
  15 wasps
  28 centaurs
  16 crocodiles
  31 giant frogs
  2 big kobolds
  An elephant skeleton (Crypt:1)
  22 small abominations
  12 earth elementals
  Dowan (D:6)
  A wyvern zombie (Crypt:3)
  A cyclops zombie (Crypt:2)
  A komodo dragon skeleton (Crypt:3)
  A hell hound skeleton (Crypt:2)
  A wyvern skeleton (D:14)
  8 scorpions
  9 killer bees
  2 human simulacra
  13 wights
  14 howler monkeys
  6 electric eels
  12 crimson imps
  A quasit (D:12)
  41 jellies
  A basilisk zombie (Crypt:1)
  A giant frog skeleton (D:11)
  32 orc priests
  7 hounds
  An iron imp (Hell)
  Terence (D:3)
  A basilisk skeleton (Crypt:3)
  8 iguanas
  28 orc wizards
  18 hell rats
  12 worker ants
  17 sheep
  A hound zombie (D:12)
  A big kobold skeleton (Crypt:3)
  22 mummies
  3 tengu skeletons
  2 hound skeletons
  Robin (D:2)
  2 worker ant zombies
  4 gnolls (D:5)
  17 adders
  41 river rats
  3 shadow imps
  22 white imps
  9 ufetubi
  An ooze (D:4)
  An adder skeleton (D:5)
  An iguana skeleton (Crypt:3)
  3 worms (D:2)
  3 dart slugs
  2 giant geckos
  177 orcs
  11 bats
  6 giant cockroaches
  4 gnoll zombies
  19 goblins
  18 hobgoblins
  10 jackals
  4 quokkas
  2 ball pythons
  A ball python skeleton (Crypt:2)
  2 giant gecko skeletons
  8 giant newts
  3 gnoll skeletons (Ossuary)
  4 goblin skeletons (Ossuary)
  4 goblin zombies (Ossuary)
  A hobgoblin skeleton (Ossuary)
  A hobgoblin zombie (Ossuary)
  17 kobolds
  3 kobold skeletons (Ossuary)
  2 kobold zombies (Ossuary)
  An orc skeleton (Ossuary)
  2 orc zombies (Ossuary)
  2 quokka skeletons
  2 quokka zombies (D:5)
  7 rats
  A rat skeleton (Ossuary)
  4 rat zombies (Ossuary)
  4 crawling corpses (Elf:3)
  3 fungi
  A lost soul (Hell)
  2 plants
  7 starspawn tentacles (Abyss:5)
3668 creatures vanquished.

Vanquished Creatures (collateral kills)
  A cacodemon (Pan)
  A very ugly thing (Pan)
  A dancing weapon (Elf:2)
  A sixfirhy (Pan)
  An orange demon (Pan)
  A tormentor (Pan)
  A large abomination (Pan)
  A chaos spawn (Pan)
  2 neqoxecs (Pan)
  A giant eyeball (Pan)
11 creatures vanquished.

Vanquished Creatures (others)
  Boris (Vaults:3)
  A deep elf master archer (Elf:3)
  23 eldritch tentacles (Pan)
  A very ugly thing (Pan)
  4 stone giants
  2 blood saints (Pan)
  3 yaktaur captains
  The ghost of Britaniac the Thaumaturge, a journeyman GrEE of Vehumet (IceCv)
  4 centaur warriors
  2 deep elf knights (Elf:2)
  4 deep elf archers
  4 large abominations (Pan)
  2 cyclopes
  3 orange demons (Pan)
  A smoke demon (Pan)
  A vault sentinel (Vaults:3)
  A red devil (Pan)
  9 yaktaurs
  A polar bear (Vaults:2)
  2 flying skulls (Tomb:1)
  A redback (Spider:3)
  A spriggan (Swamp:3)
  A tarantella (Spider:3)
  A chaos spawn (Abyss:5)
  A neqoxec (Pan)
  A small abomination (Abyss:5)
  Menkaure (Ossuary)
  2 wasps
  5 centaurs
  2 mummies (Ossuary)
  2 white imps (IceCv)
  2 ufetubi (IceCv)
  11 ball lightnings (Depths:3)
  A gnoll zombie (Ossuary)
  A gnoll skeleton (Ossuary)
  4 goblin skeletons (Ossuary)
  A goblin zombie (Ossuary)
  2 hobgoblin zombies (Ossuary)
  5 kobold skeletons (Ossuary)
  2 kobold zombies (Ossuary)
  2 orc skeletons (Ossuary)
  3 orc zombies (Ossuary)
  A bush (Abyss:5)
  A demonic plant (Pan)
  1979 eldritch tentacle segments (Pan)
  2 fire vortices (Abyss:5)
  8 fungi
  6 lost souls
  2 lurking horrors (Abyss:5)
  2 plants
  3 spectral weapons (Pan)
  14 starspawn tentacles
  177 starspawn tentacle segments (Abyss:5)
2317 creatures vanquished.

Grand Total: 5996 creatures vanquished

Notes
Turn   | Place    | Note
--------------------------------------------------------------
     0 | D:1      | Ladykiller69 the Formicid Fighter began the quest for the Orb.
     0 | D:1      | Reached XP level 1. HP: 18/18 MP: 1/1
   155 | D:1      | Reached XP level 2. HP: 21/24 MP: 2/2
   293 | D:1      | Reached XP level 3. HP: 29/29 MP: 3/3
   900 | D:2      | Found an ancient bone altar of Kikubaaqudgha.
  1108 | D:2      | Reached XP level 4. HP: 32/37 MP: 4/4
  1225 | D:2      | Noticed Robin
  1247 | D:2      | Killed Robin
  1247 | D:2      | Reached skill level 3 in Axes
  1678 | D:2      | Reached XP level 5. HP: 39/42 MP: 5/5
  2391 | D:3      | Noticed Terence
  2413 | D:3      | Killed Terence
  2413 | D:3      | Reached skill level 4 in Axes
  2545 | D:3      | Found a glowing silver altar of Zin.
  2581 | D:3      | Reached skill level 5 in Shields
  2581 | D:3      | Reached XP level 6. HP: 48/48 MP: 6/6
  2586 | D:3      | Found a faded altar to an unknown god.
  2754 | D:4      | You fall through a shaft!
  2754 | D:5      | Entered Level 5 of the Dungeon
  3269 | D:4      | Found a snail-covered altar of Cheibriados.
  3272 | D:4      | Became a worshipper of Cheibriados the Contemplative
  3513 | D:4      | Reached skill level 5 in Axes
  3528 | D:4      | Reached XP level 7. HP: 40/54 MP: 7/7
  4043 | D:5      | Reached * piety under Cheibriados
  4192 | D:6      | Found an iron altar of Okawaru.
  4230 | D:6      | Noticed ceb's ghost (novice MiBe)
  4243 | D:6      | Killed ceb's ghost
  4243 | D:6      | Reached skill level 6 in Axes
  4243 | D:6      | Reached XP level 8. HP: 39/60 MP: 8/8
  4302 | D:6      | Found a shimmering altar of Xom.
  4312 | D:6      | Reached skill level 7 in Axes
  4316 | D:6      | Found an opulent altar of Gozag.
  4316 | D:6      | Found a shadowy altar of Dithmenos.
  4316 | D:6      | Found an oddly glowing altar of Pakellas.
  4468 | D:6      | Found a sacrificial altar of Ru.
  4979 | D:6      | Found a staircase to the Ecumenical Temple.
  4992 | D:6      | Reached skill level 8 in Axes
  5016 | Temple   | Entered the Ecumenical Temple
  5160 | D:6      | Noticed Duvessa
  5162 | D:6      | Noticed Dowan
  5182 | D:6      | Killed Duvessa
  5182 | D:6      | Reached XP level 9. HP: 36/65 MP: 5/9
  5196 | D:6      | Killed Dowan
  5582 | D:7      | Reached skill level 9 in Axes
  5623 | D:7      | Reached ** piety under Cheibriados
  6130 | D:8      | Noticed Joseph
  6149 | D:8      | Killed Joseph
  6149 | D:8      | Reached skill level 10 in Axes
  6193 | D:8      | Noticed TBriggs11TB's ghost (novice MiBe)
  6210 | D:8      | Found a sand-covered staircase.
  6216 | Ossuary  | Entered an ossuary
  6229 | Ossuary  | Reached *** piety under Cheibriados
  6322 | Ossuary  | Killed Menkaure
  6507 | D:8      | Noticed a brown ugly thing
  6517 | D:8      | Killed a brown ugly thing
  6517 | D:8      | Reached skill level 1 in Dodging
  6517 | D:8      | Reached XP level 10. HP: 62/73 MP: 10/10
  6609 | D:8      | Noticed Pikel
  6652 | D:8      | Killed TBriggs11TB's ghost
  6652 | D:8      | Reached skill level 10 in Shields
  6667 | D:8      | Killed Pikel
  6667 | D:8      | Reached skill level 5 in Fighting
  6913 | D:9      | Reached **** piety under Cheibriados
  6934 | D:9      | Reached skill level 5 in Armour
  6961 | D:9      | Reached skill level 11 in Axes
  6974 | D:9      | Reached skill level 1 in Invocations
  7176 | D:9      | Noticed Grum
  7186 | D:9      | Killed Grum
  7189 | D:9      | Reached XP level 11. HP: 75/80 MP: 12/12
  7311 | D:8      | Reached ***** piety under Cheibriados
  7545 | D:8      | Found a sparkling altar of Nemelex Xobeh.
  7626 | D:8      | Noticed an unseen horror
  7636 | D:8      | Killed an unseen horror
  7648 | D:8      | Found a glowing golden altar of the Shining One.
  8470 | D:10     | Entered Level 10 of the Dungeon
  8473 | D:10     | Noticed a hill giant
  8478 | D:10     | Killed a hill giant
  8528 | D:10     | Noticed Maud
  8544 | D:10     | Killed Maud
  8707 | D:10     | Reached ****** piety under Cheibriados
  8718 | D:10     | Noticed Sonja
  8724 | D:10     | Noticed a hill giant
  8725 | D:10     | HP: 1/83 [Sonja/uncursed dagger of distortion (17)]
  8727 | D:10     | Killed Sonja
  8727 | D:10     | Reached skill level 12 in Axes
  8737 | D:10     | Killed a hill giant
  8737 | D:10     | Reached XP level 12. HP: 15/89 MP: 7/15
  9115 | D:10     | Found a glowing golden altar of the Shining One.
  9211 | D:10     | Found Jeahubus's Magic Scroll Emporium.
  9219 | D:10     | Bought a scroll of magic mapping for 45 gold pieces
  9329 | D:10     | Identified a scroll of acquirement
  9333 | D:10     | Got a translucent scale mail
  9344 | D:10     | Identified the +1 scale mail of Restlessness {+Blink +Fly rC+ Int-3} (You acquired it on level 10 of the Dungeon)
  9411 | D:10     | Found Lixt's Gadget Shoppe.
  9511 | D:11     | Reached skill level 5 in Invocations
  9755 | D:11     | Found a white marble altar of Elyvilon.
 10012 | D:12     | Found a frozen archway.
 10036 | IceCv    | Entered an ice cave
 10042 | IceCv    | Killed Britaniac's ghost
 10639 | IceCv    | Got a translucent ruby amulet
 11171 | D:12     | Reached XP level 13. HP: 63/98 MP: 17/17
 11172 | D:12     | Reached XP level 14. HP: 67/104 MP: 17/20
 11310 | D:11     | Found a staircase to the Lair.
 11332 | Lair:1   | Entered Level 1 of the Lair of Beasts
 11485 | Lair:1   | Reached skill level 5 in Dodging
 11517 | Lair:1   | Reached skill level 15 in Shields
 11580 | Lair:1   | Reached skill level 13 in Axes
 12061 | Lair:2   | Noticed Gastronok
 12073 | Lair:2   | Killed Gastronok
 13225 | Lair:4   | Reached skill level 10 in Invocations
 13352 | Lair:5   | Reached skill level 14 in Axes
 13588 | Lair:5   | You fall through a shaft for 2 floors!
 13688 | Lair:6   | Reached XP level 15. HP: 113/113 MP: 22/22
 13923 | Lair:6   | Found a staircase to the Swamp.
 14053 | Lair:6   | Reached XP level 16. HP: 81/120 MP: 23/25
 14266 | Lair:7   | Found a staircase to the Slime Pits.
 14431 | Lair:7   | Got a jewelled plate armour
 14437 | Lair:7   | Identified the +6 plate armour "Setej" {Dex+2} (You found it on level 7 of the Lair of Beasts)
 14488 | Lair:7   | Identified the amulet of the Zebra {Harm *Drain rElec Str+2} (You found it in an ice cave)
 14677 | Lair:8   | Entered Level 8 of the Lair of Beasts
 14737 | Lair:8   | Reached skill level 10 in Armour
 15204 | Lair:8   | Reached skill level 10 in Fighting
 15273 | Lair:8   | Reached skill level 15 in Axes
 15846 | Lair:6   | Found a hole to the Spider Nest.
 16017 | Lair:5   | Got an ancient cloak
 16023 | Lair:5   | Identified the +1 cloak "Raenytih" {Str+4} (You found it on level 5 of the Lair of Beasts)
 16385 | D:11     | Found a staircase to the Orcish Mines.
 16395 | Orc:1    | Entered Level 1 of the Orcish Mines
 16486 | Orc:1    | Reached XP level 17. HP: 119/129 MP: 26/26
 16720 | Orc:2    | Entered Level 2 of the Orcish Mines
 17191 | Orc:2    | Found Kisumair's Antique Armour Emporium.
 17192 | Orc:2    | Found a roughly hewn altar of Beogh.
 17195 | Orc:2    | Found Ykkuruz's Antique Weapon Shoppe.
 17206 | Orc:2    | Bought a pair of glowing gloves for 153 gold pieces
 17245 | Orc:2    | Found a staircase to the Elven Halls.
 17268 | Elf:1    | Entered Level 1 of the Elven Halls
 17644 | Elf:1    | Found Tatiumi's Armour Shop.
 17874 | Orc:2    | Reached skill level 16 in Axes
 17939 | Orc:2    | Found a roughly hewn altar of Beogh.
 17973 | Orc:2    | Noticed Josephine
 17983 | Orc:2    | Killed Josephine
 18033 | Orc:2    | Found a roughly hewn altar of Beogh.
 18073 | Orc:2    | Found Ughid's Jewellery Boutique.
 18194 | Orc:2    | Found a roughly hewn altar of Beogh.
 18222 | Orc:2    | Found a roughly hewn altar of Beogh.
 18231 | Orc:2    | Found Piablum's Jewellery Boutique.
 18237 | Orc:2    | Bought a +6 amulet of reflection for 275 gold pieces
 18556 | Elf:1    | Identified Sif Muna's Handbook of Supportive Attacks
 18783 | Elf:2    | Found a gateway to a bazaar.
 18792 | Bazaar   | Entered a bazaar
 18792 | Bazaar   | Found Iklegan's Book Boutique.
 18798 | Bazaar   | Found Qiureghi's General Store.
 18802 | Bazaar   | Found Lifer's Antique Weapon Shoppe.
 18836 | Bazaar   | Found Eleipnuv's Armour Emporium.
 18847 | Bazaar   | Found Ynuffug's Antique Armour Emporium.
 18853 | Bazaar   | Bought an embroidered cloak for 90 gold pieces
 18889 | Bazaar   | Bought a book of Air for 490 gold pieces
 18904 | Bazaar   | Bought a scroll of acquirement for 624 gold pieces
 19104 | Elf:2    | Reached XP level 18. HP: 99/138 MP: 27/27
 19135 | Elf:2    | Found Fobycu's Antique Weapon Shop.
 19254 | Elf:2    | Found Fyw Bivepha's Book Shop.
 19347 | Elf:2    | Found a huge runed gate.
 19347 | Elf:2    | Found a huge runed gate.
 19347 | Elf:2    | Found a huge runed gate.
 19347 | Elf:2    | Found a huge runed gate.
 19347 | Elf:2    | Found a huge runed gate.
 20108 | Elf:2    | Reached skill level 17 in Axes
 20166 | Elf:2    | Noticed a quicksilver dragon
 20175 | Elf:2    | Killed a quicksilver dragon
 20185 | Elf:3    | Entered Level 3 of the Elven Halls
 20490 | Elf:3    | Noticed Mara
 20493 | Elf:3    | Noticed Ladykiller69's illusion
 21050 | D:12     | Found a large runed door.
 21051 | D:12     | Found a large runed door.
 21101 | D:12     | Found a sparkling altar of Nemelex Xobeh.
 21120 | D:12     | Found an oddly glowing altar of Pakellas.
 21346 | D:12     | Learned a level 2 spell: Shroud of Golubria
 21349 | D:12     | Learned a level 2 spell: Repel Missiles
 21587 | D:13     | Found a shadowy altar of Dithmenos.
 21782 | D:13     | Found a gate to the Vaults.
 21894 | D:13     | Reached XP level 19. HP: 136/146 MP: 28/28
 21914 | D:13     | Found Soirph's Distillery.
 21930 | D:13     | Bought a potion of curing for 33 gold pieces
 22629 | D:15     | Entered Level 15 of the Dungeon
 22629 | D:15     | Noticed Ladykiller69's ghost (novice FoFi)
 22632 | D:15     | Killed Ladykiller69's ghost
 22635 | D:15     | Noticed Thomus's ghost (adept HOFi)
 22654 | D:15     | Killed Thomus's ghost
 22654 | D:15     | Reached skill level 10 in Dodging
 22803 | D:15     | Found a labyrinth entrance.
 22813 | Lab      | Entered a labyrinth
 23206 | Lab      | Learned a level 2 spell: Cure Poison
 23533 | Elf:1    | Bought a +1 plate armour of poison resistance for 448 gold pieces
 23798 | Swamp:1  | Entered Level 1 of the Swamp
 24554 | Swamp:2  | Reached skill level 18 in Axes
 25503 | Swamp:3  | Found a sparkling altar of Nemelex Xobeh.
 25564 | Swamp:3  | Noticed Nikola
 25578 | Swamp:3  | Killed Nikola
 25741 | Swamp:3  | Reached XP level 20. HP: 156/156 MP: 29/29
 25748 | Swamp:4  | Entered Level 4 of the Swamp
 26351 | Swamp:4  | Got a decaying rune of Zot
 27300 | Vaults:1 | Entered Level 1 of the Vaults
 27325 | Vaults:1 | Noticed Aizul
 27334 | Vaults:1 | Killed Aizul
 28003 | Vaults:1 | Found Pufath's Antique Armour Shop.
 28006 | Vaults:1 | Bought a pair of runed boots for 144 gold pieces
 28060 | Vaults:1 | Found a shimmering altar of Xom.
 28229 | Vaults:2 | Got a pair of fine gloves
 28235 | Vaults:2 | Identified the +2 pair of gloves "Qenagg" {*Drain +Inv rPois rF+} (You found it on level 2 of the Vaults)
 28630 | Vaults:2 | Reached skill level 19 in Axes
 28926 | Vaults:2 | Found Ovetuvefa's Assorted Antiques.
 29036 | Vaults:2 | Reached XP level 21. HP: 144/164 MP: 30/30
 29180 | Vaults:2 | Noticed Sojobo
 29201 | Vaults:2 | Killed Sojobo
 30140 | Vaults:3 | Found a staircase to the Crypt.
 30162 | Vaults:3 | Noticed Boris
 30176 | Vaults:3 | Killed Boris
 30176 | Vaults:3 | Reached skill level 15 in Armour
 30247 | Vaults:3 | Found Nuolo's Armour Boutique.
 30723 | Vaults:4 | Reached skill level 20 in Axes
 30725 | Vaults:4 | Noticed Jorgrun
 30732 | Vaults:4 | Killed Jorgrun
 30856 | Vaults:4 | Reached XP level 22. HP: 173/173 MP: 31/31
 30992 | Vaults:4 | Noticed Mennas
 31009 | Vaults:4 | Killed Mennas
 31262 | Vaults:5 | Entered Level 5 of the Vaults
 31287 | Vaults:5 | Noticed a golden dragon
 31288 | Vaults:4 | Cast into level 2 of the Abyss (vault guard)
 31297 | Abyss:2  | Found a corrupted altar of Lugonu.
 31335 | Abyss:2  | Found a viscous altar of Jiyva.
 31549 | Abyss:4  | Found a corrupted altar of Lugonu.
 31591 | Abyss:5  | Entered Level 5 of the Abyss
 31602 | Vaults:4 | Escaped the Abyss
 31627 | Vaults:4 | Reached skill level 15 in Fighting
 31907 | Vaults:4 | Killed a golden dragon
 32161 | Vaults:4 | Reached skill level 21 in Axes
 32537 | Vaults:5 | Noticed a golden dragon
 32627 | Vaults:5 | Reached XP level 23. HP: 162/182 MP: 32/32
 32827 | Vaults:5 | Noticed a juggernaut
 32827 | Vaults:5 | a titan changed into a juggernaut
 32834 | Vaults:5 | a juggernaut changed into an acid blob
 32849 | Vaults:5 | Killed a golden dragon
 32854 | Vaults:5 | Noticed a golden dragon
 32861 | Vaults:5 | Killed a golden dragon
 33129 | Vaults:5 | Noticed an ancient lich
 33139 | Vaults:5 | Killed an ancient lich
 33236 | Vaults:5 | Noticed a golden dragon
 33248 | Vaults:5 | Killed a golden dragon
 33303 | Vaults:5 | Reached skill level 22 in Axes
 33791 | Vaults:5 | Identified the Papyrus of Translocation and Protection (You found it on level 5 of the Vaults)
 33943 | Vaults:5 | Got a brightly glowing bronze amulet
 33944 | Vaults:5 | Identified the amulet "Lygik" {Gourm rC++ MP+9} (You found it on level 5 of the Vaults)
 33983 | Vaults:5 | Reached XP level 24. HP: 192/192 MP: 32/32
 34046 | Vaults:5 | Got a twitching granite ring
 34048 | Vaults:5 | Identified the ring of Fuhel {rPois MP+9} (You found it on level 5 of the Vaults)
 34096 | Vaults:5 | Identified the Papyrus of Bewitching Dislocation (You found it on level 5 of the Vaults)
 34101 | Vaults:5 | Learned a level 3 spell: Portal Projectile
 34426 | Vaults:5 | Found Healaur's Assorted Antiques.
 34474 | Vaults:5 | Bought a dazzling cloak for 266 gold pieces
 34486 | Vaults:5 | Identified the cursed +0 cloak of the First Cities {Regen+ Slay+2} (You bought it in a shop on level 5 of the Vaults)
 34680 | Vaults:5 | Got a silver rune of Zot
 34715 | Vaults:5 | Identified the Collected Works on the Escort and Lightness (You found it on level 5 of the Vaults)
 35117 | Vaults:4 | Found Eqixt's Book Emporium.
 35512 | D:15     | Found a staircase to the Depths.
 35532 | Depths:1 | Entered Level 1 of the Depths
 35933 | Lair:1   | Learned a level 1 spell: Infusion
 36078 | Slime:1  | Entered Level 1 of the Pits of Slime
 36231 | Slime:1  | Reached skill level 1 in Throwing
 36249 | Slime:1  | Reached skill level 1 in Charms
 36266 | Slime:1  | Reached skill level 1 in Air Magic
 36345 | Slime:1  | Reached skill level 1 in Spellcasting
 36345 | Slime:1  | Reached skill level 1 in Translocations
 36393 | Slime:2  | Gained mutation: You expend magic power (3 MP) to strengthen your wands. [a shining eye]
 36677 | Slime:4  | Gained mutation: You are frail (-10% HP). [a shining eye]
 36678 | Slime:4  | Gained mutation: Your spells are a little easier to cast, but a little less powerful. [a shining eye]
 36681 | Slime:4  | Gained mutation: Your flesh is heat resistant. [a shining eye]
 36956 | Slime:5  | Reached XP level 25. HP: 122/180 MP: 28/32
 36982 | Slime:6  | Entered Level 6 of the Pits of Slime
 37060 | Slime:4  | Gained mutation: You are dopey. (Int -2) [a shining eye]
 37061 | Slime:4  | Gained mutation: You are clumsy. (Dex -2) [a shining eye]
 37311 | Slime:5  | Reached skill level 5 in Throwing
 37638 | Slime:6  | Found a viscous altar of Jiyva.
 37709 | Slime:6  | Noticed the Royal Jelly
 37752 | Slime:6  | Killed the Royal Jelly
 37786 | Slime:6  | Got a crude jade ring
 37788 | Slime:6  | Identified the ring "Toeko" {rN+ MP+9 Int+2} (You found it on level 6 of the Pits of Slime)
 37805 | Slime:6  | Got a slimy rune of Zot
 37863 | Slime:6  | Identified the Grimoire of Helpful Transformation (You found it on level 6 of the Pits of Slime)
 37871 | Slime:6  | Learned a level 6 spell: Statue Form
 37874 | Slime:6  | Identified the Volume of Supportive Protection
 37882 | Slime:6  | Learned a level 6 spell: Deflect Missiles
 37886 | Slime:6  | Learned a level 3 spell: Spectral Weapon
 38183 | Lair:1   | Got a pair of jewelled boots
 38189 | Lair:1   | Identified the +0 pair of boots of the Lily {rC+ SInv} (You acquired it on level 1 of the Lair of Beasts)
 38511 | Elf:3    | Reached skill level 23 in Axes
 38784 | Elf:3    | Reached XP level 26. HP: 127/187 MP: 32/32
 38857 | Elf:3    | Identified the Tome of Clay (You found it on level 3 of the Elven Halls)
 38877 | Elf:3    | Got a faintly glowing turquoise ring
 38879 | Elf:3    | Identified the ring "Hodunynk" {+Fly Str+9} (You found it on level 3 of the Elven Halls)
 39395 | Depths:1 | Found a one-way gate to the infinite horrors of the Abyss.
 39423 | Depths:1 | Reached skill level 5 in Spellcasting
 39536 | Depths:1 | Found a gateway to Hell.
 39663 | Depths:1 | Found a shattered altar of Ashenzari.
 39665 | Depths:1 | Noticed Asterion
 39674 | Depths:1 | Killed Asterion
 39674 | Depths:1 | Reached skill level 5 in Charms
 40002 | Depths:1 | Noticed Norris
 40018 | Depths:1 | Killed Norris
 40446 | Depths:2 | Reached skill level 5 in Air Magic
 40577 | Depths:2 | Reached skill level 15 in Dodging
 40606 | Depths:2 | Reached skill level 5 in Translocations
 40655 | Depths:2 | Noticed a juggernaut
 40667 | Depths:2 | Killed a juggernaut
 40935 | Depths:3 | Reached skill level 1 in Poison Magic
 40977 | Depths:3 | Reached XP level 27. HP: 120/193 MP: 32/32
 40988 | Depths:3 | Reached skill level 1 in Hexes
 41271 | Depths:3 | Found a one-way gate leading to the halls of Pandemonium.
 41464 | Depths:3 | Got a brightly glowing lead ring
 41466 | Depths:3 | Identified the ring "Ummeax" {rN+ Str+3} (You found it on level 3 of the Depths)
 41490 | Depths:3 | Lost mutation: You are frail (-10% HP). [potion of cure mutation]
 41490 | Depths:3 | Lost mutation: You are dopey. (Int -2) [potion of cure mutation]
 41490 | Depths:3 | Lost mutation: Your flesh is heat resistant. [potion of cure mutation]
 42098 | Depths:4 | Learned a level 3 spell: Regeneration
 42447 | Depths:4 | Noticed Margery
 42461 | Depths:4 | Killed Margery
 42461 | Depths:4 | Reached skill level 10 in Throwing
 42555 | Depths:4 | Identified the Almanac of Cold (You found it on level 4 of the Depths)
 42807 | Depths:5 | Entered Level 5 of the Depths
 42919 | Depths:5 | Found a gateway to a ziggurat.
 42979 | Depths:5 | Reached skill level 5 in Hexes
 43183 | Depths:5 | Noticed a juggernaut
 43197 | Depths:5 | Killed a juggernaut
 43197 | Depths:5 | Reached skill level 5 in Poison Magic
 43384 | Depths:5 | Found a gate to the Realm of Zot.
 43414 | Depths:5 | Reached skill level 24 in Axes
 43986 | Spider:1 | Entered Level 1 of the Spider Nest
 44640 | Spider:2 | Reached skill level 1 in Necromancy
 45150 | Spider:4 | Entered Level 4 of the Spider Nest
 45641 | Spider:4 | Got a gossamer rune of Zot
 46248 | Depths:1 | Voluntarily entered the Abyss.
 46249 | Abyss:1  | Found a shimmering altar of Xom.
 46270 | Abyss:1  | Learned a level 1 spell: Corona
 46273 | Abyss:2  | Found a corrupted altar of Lugonu.
 46513 | Abyss:3  | Found a sparkling altar of Nemelex Xobeh.
 46670 | Abyss:5  | Entered Level 5 of the Abyss
 46670 | Abyss:5  | Found a corrupted altar of Lugonu.
 47409 | Abyss:5  | Gained mutation: You are frail (-10% HP). [a neqoxec]
 47419 | Abyss:5  | Reached skill level 5 in Necromancy
 47420 | Abyss:5  | Gained mutation: Your spells are easier to cast, but less powerful. [a neqoxec]
 47451 | Abyss:5  | Gained mutation: Your movements are slightly less encumbered by armour (ER -2). [a neqoxec]
 47663 | Abyss:5  | Found a burning altar of Makhleb.
 47669 | Abyss:5  | Got an abyssal rune of Zot
 47687 | Depths:1 | Escaped the Abyss
 47842 | Depths:2 | Learned a level 4 spell: Cause Fear
 48223 | Crypt:1  | Entered Level 1 of the Crypt
 49506 | Crypt:3  | Entered Level 3 of the Crypt
 49820 | Crypt:3  | Found a staircase to the Tomb.
 50107 | Crypt:3  | Reached skill level 10 in Spellcasting
 50229 | Crypt:3  | Reached skill level 25 in Axes
 50280 | Crypt:3  | Found a basalt altar of Yredelemnul.
 50285 | Crypt:3  | Found an ancient bone altar of Kikubaaqudgha.
 50340 | Crypt:3  | Got a bound marble ring
 50342 | Crypt:3  | Identified the ring "Goewor Hasi" {rC+ rN+ Int+5} (You found it on level 3 of the Crypt)
 50344 | Crypt:3  | Got a scorched silver ring
 50346 | Crypt:3  | Identified the ring "Dudigac" {rF+ rN+} (You found it on level 3 of the Crypt)
 50471 | Tomb:1   | Entered Level 1 of the Tomb of the Ancients
 50624 | Tomb:1   | Noticed a greater mummy
 50626 | Tomb:1   | Noticed an ancient lich
 50638 | Tomb:1   | Killed an ancient lich
 50663 | Tomb:1   | Killed a greater mummy
 50716 | Tomb:1   | Noticed a greater mummy
 51027 | Tomb:1   | Identified the Papyrus of Quantum Conjuration
 51142 | Tomb:2   | Noticed a greater mummy
 51142 | Tomb:2   | Noticed a greater mummy
 51144 | Tomb:2   | Noticed a greater mummy
 51144 | Tomb:2   | Noticed an ancient lich
 52210 | Hell     | Entered the Vestibule of Hell
 52210 | Hell     | Noticed Geryon
 52228 | Hell     | Reached skill level 1 in Earth Magic
 52311 | Hell     | Killed Geryon
 52386 | Hell     | Found a gateway to the freezing wastes of Cocytus.
 52536 | Hell     | Found a gateway to the Iron City of Dis.
 52604 | Hell     | Learned a level 1 spell: Apportation
 52632 | Hell     | Found a gateway to the ashen valley of Gehenna.
 52712 | Hell     | Found a gateway to the decaying netherworld of Tartarus.
 52823 | Pan      | Entered Pandemonium
 52848 | Pan      | Reached skill level 1 in Transmutations
 52849 | Pan      | Reached skill level 5 in Earth Magic
 52867 | Pan      | Found an exit through the horrors of the Abyss.
 52926 | Pan      | Learned a level 1 spell: Summon Butterflies
 53234 | Pan      | Noticed Bosel the pandemonium lord
 53259 | Pan      | Killed Bosel the pandemonium lord
 53491 | Depths:3 | Escaped Pandemonium
 53495 | Pan      | Entered Pandemonium
 53545 | Pan      | Noticed Butogaiwn the pandemonium lord
 53550 | Pan      | Gained mutation: Armour fits poorly on your strangely shaped body. [a neqoxec]
 53551 | Pan      | Noticed Elystan's ghost (legendary FoFi)
 53559 | Pan      | Killed Butogaiwn the pandemonium lord
 53559 | Pan      | Reached skill level 1 in Summonings
 53703 | Pan      | Found an exit through the horrors of the Abyss.
 53782 | Pan      | Killed Elystan's ghost
 53782 | Pan      | Reached skill level 5 in Transmutations
 54012 | Pan      | Noticed Furiepekk the pandemonium lord
 54298 | Pan      | Reached skill level 10 in Earth Magic
 54365 | Pan      | Killed Furiepekk the pandemonium lord
 54623 | Pan      | Found an exit through the horrors of the Abyss.
 54975 | Pan      | Reached skill level 5 in Summonings
 55089 | Pan      | Found an exit through the horrors of the Abyss.
 55169 | Pan      | Noticed Usyad the pandemonium lord
 55181 | Pan      | Killed Usyad the pandemonium lord
 55365 | Pan      | Got a demonic rune of Zot
 55657 | Pan      | Noticed Funasahu the pandemonium lord
 55707 | Pan      | Killed Funasahu the pandemonium lord
 55795 | Pan      | Found an exit through the horrors of the Abyss.
 55826 | Pan      | Gained mutation: You occasionally shout uncontrollably at your foes. [a cacodemon]
 56676 | Pan      | Noticed Xunur the pandemonium lord
 56696 | Pan      | Killed Xunur the pandemonium lord
 56771 | Pan      | Found an exit through the horrors of the Abyss.
 57077 | Pan      | Noticed Osie the pandemonium lord
 57204 | Pan      | Found an exit through the horrors of the Abyss.
 57301 | Pan      | Reached skill level 10 in Transmutations
 57420 | Pan      | Learned a level 5 spell: Lee's Rapid Deconstruction
 57423 | Pan      | Learned a level 2 spell: Passwall
 57579 | Pan      | Reached skill level 15 in Earth Magic
 57711 | Pan      | Gained mutation: You sometimes yell uncontrollably at your foes. [a neqoxec]
 57728 | Pan      | Lost mutation: You sometimes yell uncontrollably at your foes. [potion of cure mutation]
 57728 | Pan      | Lost mutation: You are frail (-10% HP). [potion of cure mutation]
 57728 | Pan      | Lost mutation: You expend magic power (3 MP) to strengthen your wands. [potion of cure mutation]
 57728 | Pan      | Lost mutation: You occasionally shout uncontrollably at your foes. [potion of cure mutation]
 57729 | Pan      | Lost mutation: You are clumsy. (Dex -2) [potion of cure mutation]
 57729 | Pan      | Lost mutation: Your spells are easier to cast, but less powerful. [potion of cure mutation]
 57729 | Pan      | Lost mutation: Armour fits poorly on your strangely shaped body. [potion of cure mutation]
 57848 | Pan      | Noticed Xehexeeng the pandemonium lord
 57849 | Pan      | Gained mutation: Your skin changes colour to match your surroundings (Stealth). [a cacodemon]
 57861 | Pan      | Killed Xehexeeng the pandemonium lord
 58034 | Pan      | Gained mutation: Your body sometimes deteriorates upon taking damage. [a neqoxec]
 58034 | Pan      | Gained mutation: You are frail (-10% HP). [a neqoxec]
 58060 | Pan      | Found an exit through the horrors of the Abyss.
 58274 | Pan      | Noticed Ussu the pandemonium lord
 58320 | Pan      | Entered the realm of Mnoleg.
 58321 | Pan      | HP: 8/199 [??? (5)]
 58326 | Pan      | HP: 5/199 [tormentor (6)]
 58326 | Pan      | HP: 1/199 [tormentor (4)]
 58339 | Pan      | Noticed Mnoleg
 58473 | Pan      | Gained mutation: You are weak. (Str -2) [a cacodemon]
 58476 | Pan      | Gained mutation: You are very frail (-20% HP). [a cacodemon]
 58479 | Pan      | Gained mutation: Armour fits poorly on your strangely shaped body. [a cacodemon]
 58500 | Pan      | Gained mutation: Potions and wands are less effective at restoring your health. [a neqoxec]
 58503 | Pan      | Reached skill level 10 in Summonings
 58504 | Pan      | Gained mutation: Your spells are easier to cast, but less powerful. [a neqoxec]
 58515 | Pan      | Gained mutation: You passively map a small area around you. [a neqoxec]
 58540 | Pan      | Gained mutation: You expend magic power (3 MP) to strengthen your wands. [a cacodemon]
 58550 | Pan      | Found an exit through the horrors of the Abyss.
 58575 | Pan      | Gained mutation: You are extremely frail (-30% HP). [a neqoxec]
 58579 | Pan      | Gained mutation: Your body often deteriorates upon taking damage. [a neqoxec]
 58626 | Pan      | Gained mutation: Your magical capacity is low (-10% MP). [a cacodemon]
 58700 | Pan      | Gained mutation: You occasionally shout uncontrollably at your foes. [a neqoxec]
 58718 | Pan      | Gained mutation: Your magical capacity is very low (-20% MP). [a neqoxec]
 58791 | Pan      | Gained mutation: You are clumsy. (Dex -2) [a cacodemon]
 58797 | Pan      | Lost intelligence.
 58831 | Pan      | Gained mutation: Your magical capacity is extremely low (-30% MP). [a cacodemon]
 58832 | Pan      | HP: 7/155 [cacodemon (11)]
 58839 | Pan      | Gained mutation: You sometimes yell uncontrollably at your foes. [a cacodemon]
 58916 | Pan      | Mangled by a large abomination

Skill      XL: |  1  2  3  4  5  6  7  8  9 10 11 12 13 14 15 16 17 18 19 20 21 22 23 24 25 26 27 |
---------------+----------------------------------------------------------------------------------+-----
Shields        | 4 5 7 8 9 10 12 13 14 15 16 18 20 | 20.3
Axes           | 3 4 5 6 8 10 11 12 14 15 16 17 18 19 20 21 22 23 25 | 25.3
Armour         | 4 5 6 7 9 10 11 12 13 14 15 16 17 18 20 | 20.0
Fighting       | 4 5 6 7 9 10 11 12 13 14 15 16 17 19 | 19.4
Dodging        | 1 2 3 4 6 8 9 10 11 12 13 14 15 16 | 16.6
Invocations    | 1 4 6 8 10 12 13 | 13.0
Throwing       | 3 6 8 14 | 14.4
Charms         | 2 4 6 |  6.0
Air Magic      | 2 4 5 8 |  8.2
Spellcasting   | 2 4 6 13 | 13.0
Translocations | 2 3 5 8 |  8.0
Poison Magic   | 1 8 |  8.0
Hexes          | 8 |  8.0
Necromancy     | 9 |  9.5
Earth Magic    | 17 | 17.5
Transmutations | 12 | 12.1
Summonings     | 10 | 10.4

Action                   |  1- 3 |  4- 6 |  7- 9 | 10-12 | 13-15 | 16-18 | 19-21 | 22-24 | 25-27 || total
-------------------------+-------+-------+-------+-------+-------+-------+-------+-------+-------++-------
Melee: War axe           |   105 |   295 |   226 |       |       |       |       |       |       ||   626
       Battleaxe         |       |       |    98 |   626 |   386 |   649 |       |       |       ||  1759
       Demon whip        |       |       |       |       |   273 |   499 |       |       |       ||   772
       Executioner's axe |       |       |       |       |       |   206 |  1102 |   829 |  4184 ||  6321
       Unarmed           |       |       |       |       |       |       |       |       |    13 ||    13
Throw: Javelin           |       |       |     5 |       |       |       |       |     4 |   144 ||   153
       Tomahawk          |       |       |       |       |       |       |       |       |     5 ||     5
 Cast: Shroud of Golubri |       |       |       |       |       |       |       |       |    20 ||    20
       Repel Missiles    |       |       |       |       |       |       |       |       |     1 ||     1
       Regeneration      |       |       |       |       |       |       |       |       |    75 ||    75
       Summon Butterflie |       |       |       |       |       |       |       |       |    21 ||    21
       Portal Projectile |       |       |       |       |       |       |       |       |    19 ||    19
       Statue Form       |       |       |       |       |       |       |       |       |     9 ||     9
       Spectral Weapon   |       |       |       |       |       |       |       |       |     5 ||     5
       Cause Fear        |       |       |       |       |       |       |       |       |     1 ||     1
       Corona            |       |       |       |       |       |       |       |       |     1 ||     1
       Infusion          |       |       |       |       |       |       |       |       |     1 ||     1
Invok: Bend Time         |       |       |     2 |       |       |       |     5 |     3 |     3 ||    13
       Slouch            |       |       |       |     1 |       |    10 |     4 |     1 |     7 ||    23
       Temporal Distorti |       |       |       |     1 |       |       |     1 |     1 |       ||     3
       Step From Time    |       |       |       |       |       |     6 |     1 |     2 |    19 ||    28
 Abil: Dig               |     2 |    14 |     6 |    39 |     7 |    45 |     8 |       |    70 ||   191
       Shaft Self        |       |     1 |       |       |     1 |       |       |       |       ||     2
       Evoke Invisibilit |       |       |       |       |       |       |       |     1 |       ||     1
       End Transformatio |       |       |       |       |       |       |       |       |     5 ||     5
       Evoke Flight      |       |       |       |       |       |       |       |       |     2 ||     2
Evoke: Wand              |       |       |       |       |       |       |       |     1 |     6 ||     7
       Horn of Geryon    |       |       |       |       |       |       |       |       |     1 ||     1
  Use: Potion            |       |       |     1 |     2 |     2 |     1 |       |     3 |    21 ||    30
       Scroll            |       |       |     4 |    18 |       |    14 |     4 |     3 |    24 ||    67
 Stab: Distracted        |       |       |       |       |       |     3 |       |     2 |     3 ||     8
       Confused          |       |       |       |       |       |       |     3 |       |       ||     3
       Invisible         |       |       |       |       |       |       |       |     2 |       ||     2
       Petrified         |       |       |       |       |       |       |       |       |     3 ||     3
  Eat: Chunk             |     1 |     9 |     7 |    11 |     4 |    12 |     4 |     6 |     7 ||    61
       Fruit             |       |     1 |       |       |       |     5 |     8 |     2 |     5 ||    21
       Beef jerky        |       |       |       |     1 |     1 |     2 |     4 |     2 |     2 ||    12
       Pizza             |       |       |       |     1 |     1 |     1 |     4 |       |     3 ||    10
       Royal jelly       |       |       |       |       |     1 |     1 |     1 |       |     2 ||     5
       Meat ration       |       |       |       |       |     1 |       |       |     1 |     9 ||    11
       Bread ration      |       |       |       |       |     1 |       |       |       |       ||     1
Armor: Scale mail        |    55 |    98 |    28 |    16 |    10 |       |       |       |       ||   207
       Chain mail        |       |       |    81 |    27 |       |       |       |       |       ||   108
       Plate armour      |       |       |       |   103 |    90 |   201 |   297 |   217 |   174 ||  1082
       Gold dragon armou |       |       |       |       |       |       |       |       |   670 ||   670
       Skin              |       |       |       |       |       |       |       |       |    24 ||    24
Dodge: Dodged            |    38 |    77 |    71 |   122 |   158 |   258 |   554 |   358 |  1873 ||  3509
       Deflected         |       |       |       |       |       |       |       |       |     2 ||     2
Block: Shield            |    67 |   138 |   151 |       |       |       |       |       |       ||   356
       Large shield      |       |       |    62 |   657 |   679 |  1355 |  1819 |  1258 |  5645 || 11475
       Reflection        |       |       |       |       |       |    72 |    83 |    76 |   121 ||   352
